 Dungeon Crawl Stone Soup version 0.21-a0-265-gb353147 (webtiles) character file.

37 roguesci the Ruffian (level 3, -1/32 HPs)
             Began as a Naga Transmuter on Sept 10, 2017.
             Hit by a stone thrown by a hobgoblin (5 damage)
             ... on level 2 of the Dungeon.
             The game lasted 00:03:02 (1291 turns).

roguesci the Ruffian (Naga Transmuter)              Turns: 1291, Time: 00:03:03

Health: -1/32      AC:  5    Str: 10 (12) XL:     3   Next: 41%
Magic:  5/6        EV: 10    Int: 13 (14) God:
Gold:   35         SH:  0    Dex: 11      Spells: 6/7 levels left

rFire    . . .     SeeInvis +     - Unarmed
rCold    . . .     Gourm    .   (no shield)
rNeg     . . .     Faith    .   b - +0 robe
rPois    +         Spirit   .   (no helmet)
rElec    .         Reflect  .   (no cloak)
rCorr    .         Harm     .   g - +0 pair of gloves
MR       .....                  (no barding)
Stlth    ++........             (no amulet)
HPRegen  0.10/turn              (no ring)
MPRegen  0.10/turn              (no ring)

@: appendage (expiring), very slow
A: horns 2, yellow scales 1, see invisible, deformed body, deterioration 1,
poison resistance, slowness 2, slow metabolism 1, spit poison 1, AC +1
a: Spit Poison, End Transformation


You were on level 2 of the Dungeon.
You were hungry.
You had grown temporary horns.
You visited 1 branch of the dungeon, and saw 2 of its levels.

You collected 35 gold pieces.

Inventory:

Missiles
 a - 39 arrows
 i - 114 stones (quivered)
Armour
 b - a +0 robe (worn)
 g - a +0 pair of gloves (worn)
Scrolls
 f - 2 scrolls of remove curse {unknown}
 j - a scroll of immolation
 l - a scroll of amnesia {unknown}
Books
 c - a book of Changes

   Spells                             Type                      Level
   a - Beastly Appendage              Transmutation                1
   b - Sticks to Snakes               Transmutation                2
   c - Spider Form                    Transmutation/Poison         3
   d - Ice Form                       Ice/Transmutation            4
   e - Blade Hands                    Transmutation                5
Comestibles
 d - 3 bread rations
 k - a meat ration


   Skills:
 + Level 1.7 Fighting
 + Level 1.9 Dodging
 + Level 2.1 Stealth
 - Level 3.0 Unarmed Combat
 + Level 2.5 Spellcasting
 - Level 2.0 Transmutations


You had 6 spell levels left.
You knew the following spells:

 Your Spells              Type           Power        Failure   Level  Hunger
a - Beastly Appendage     Tmut           #.....       11%         1    #......


Dungeon Overview and Level Annotations

Branches:
Dungeon (2/15)

Altars:

Annotations:
D:2 Robin


Innate Abilities, Weirdness & Mutations

You cannot wear boots.
Your serpentine skin is tough. (AC +1)
You have supernaturally acute eyesight. (SInv)
Armour fits poorly on your strangely shaped body.
Your system is resistant to poisons. (rPois)
You cover ground very slowly.
You have a slow metabolism.
You can spit poison.
You have a pair of horns on your head.
You are partially covered in yellow scales. (AC +2)
Your body sometimes deteriorates upon taking damage.


Message History

* * * LOW HITPOINT WARNING * * *
Your body deteriorates!
You feel weakened.
Unknown command.
You hit the goblin.
The goblin is severely wounded.
Your transformation is almost over.
The goblin hits you but does no damage. The kobold barely misses you.
You hit the goblin.
You kill the goblin!
The kobold closely misses you.
Things that are here:
a dagger; a goblin corpse You barely miss the kobold.
You headbutt the kobold.
You kill the kobold!
The hobgoblin throws a stone.
The stone closely misses you.
As you read the scroll labeled REPEW KEJUO, it crumbles to dust.
It is a scroll of identify.
j - a scroll of immolation The hobgoblin throws a stone.
The stone hits you.
You die...

# #. # #.
..#.#############
................
..#g........#g#####.#..#
.......?.....gg)@....(..
....#######.#g#####.##..
g.. #.....# .. #.....# .
#.....# #.....# #.....#
#.....# #. #. .# ###)#.#
#..#.#.#


You could see Robin and 3 hobgoblins.

Vanquished Creatures
  A worm (D:2)
  5 hobgoblins
  4 jackals (D:1)
  A ball python (D:1)
  4 bats (D:1)
  A frilled lizard (D:1)
  9 goblins
  6 kobolds
  A rat (D:1)
32 creatures vanquished.

Notes
Turn   | Place    | Note
-------+----------+-------------------------------------------
     0 | D:1      | roguesci the Naga Transmuter began the quest for the Orb.
     0 | D:1      | Reached XP level 1. HP: 18/18 MP: 3/3
    83 | D:1      | Reached skill level 1 in Stealth
   163 | D:1      | Reached XP level 2. HP: 14/25 MP: 3/5
   527 | D:1      | Gained mutation: Your body sometimes deteriorates upon taking damage. [potion of mutation]
   527 | D:1      | Gained mutation: You are partially covered in yellow scales. (AC +2) [potion of mutation]
   894 | D:2      | Reached XP level 3. HP: 12/31 MP: 4/6
  1251 | D:2      | Noticed Robin
  1291 | D:2      | Hit by a stone thrown by a hobgoblin

Vault maps used:
D:1:      eino_arrival_water_cross, minmay_tromino_i2
D:2:      uniq_natasha, uniq_robin

Skill      XL: |  1  2  3 |
---------------+----------+-----
Stealth        | 1 2 |  2.1
Fighting       | |  1.7
Dodging        | |  1.9
Unarmed Combat | |  3.0
Spellcasting   | |  2.5
Transmutations | |  2.0

Action                   || total
-------------------------++-------
Melee: Unarmed           ||   113
       Headbutt          ||     9
       Punch             ||     2
Throw: Stone             ||     1
 Cast: Beastly Appendage ||    10
 Abil: Spit Poison       ||     1
  Use: Potion            ||     2
       Scroll            ||     1
 Stab: Sleeping          ||     2
Armor: Robe              ||    43
Dodge: Dodged            ||    71

Table legend:
 A = Spawn XP
 B = Non-spawn XP
 C = Spawn XP percentage of total XP
 D = Spawn monster count
 E = Non-spawn monster count
 F = Spawn count percentage of total count
 G = Total turns spent on level
                    A         B        C        D         E        F      G
               +---------+---------+-------+---------+---------+-------+---------
         Total |       0 |      54 |   0.0 |       0 |      32 |   0.0 |  1291
               +---------+---------+-------+---------+---------+-------+---------
           D:1 |       0 |      30 |   0.0 |       0 |      20 |   0.0 |   809
           D:2 |       0 |      24 |   0.0 |       0 |      12 |   0.0 |   482
               +---------+---------+-------+---------+---------+-------+---------
